 Dungeon Crawl Stone Soup version 0.23.2-40-g277498a001 (webtiles) character file.

Game seed: 7075110326170614819

1649 FishyPogo the Skirmisher (level 9, 0/72 HPs)
             Began as a Human Berserker on Sept 27, 2019.
             Was an Elder of Trog.
             Slain by an unseen horror (5 damage)
             ... on level 6 of the Dungeon on Sept 28, 2019.
             The game lasted 00:16:53 (4637 turns).

FishyPogo the Skirmisher (Human Berserker)          Turns: 4637, Time: 00:16:54

Health: 0/72       AC: 11    Str: 19    XL:     9   Next: 19%
Magic:  10/10      EV: 15    Int:  7    God:    Trog [****..]
Gold:   224        SH:  0    Dex: 15    Spells: 8/8 levels left

rFire    . . .     SeeInvis .   a - +2 falchion (holy)
rCold    . . .     Gourm    .   (no shield)
rNeg     . . .     Faith    .   b - +0 animal skin
rPois    .         Spirit   .   k - +0 helmet
rElec    .         Reflect  .   (no cloak)
rCorr    .         Harm     .   j - +1 pair of gloves
MR       ++...                  A - +0 pair of boots
Stlth    +.........             (no amulet)
HPRegen  1.22/turn              d - +4 ring of protection
MPRegen  0.12/turn              (no ring)

@: berserk cooldown, regenerating
A: mutation resistance 1, MP-powered wands
a: Berserk, Trog's Hand, Brothers in Arms, Renounce Religion


You were on level 6 of the Dungeon.
You worshipped Trog.
Trog was greatly pleased with you.
You were near starving.

You visited 1 branch of the dungeon, and saw 6 of its levels.
You also visited: Ossuary.

You collected 224 gold pieces.

Inventory:

Hand Weapons
 a - a +2 falchion of holy wrath (weapon)
Missiles
 l - 266 stones
 r - 5 javelins
 s - 8 tomahawks
 w - 8 javelins of returning (quivered)
Armour
 b - a +0 animal skin (worn)
 j - a +1 pair of gloves (worn)
 k - a +0 helmet (worn)
 A - a +0 pair of boots (worn)
Jewellery
 d - a +4 ring of protection (left hand)
Wands
 y - a wand of random effects (21)
 z - a wand of disintegration (18)
Scrolls
 g - 10 scrolls of remove curse {unknown}
 h - 4 scrolls of identify {unknown}
 n - 3 scrolls of fear {unknown}
 o - a scroll of fog
 u - 2 scrolls of amnesia {unknown}
 B - a scroll of summoning {unknown}
Potions
 e - 2 potions of heal wounds {unknown}
 f - a potion of brilliance {unknown}
 i - a potion of lignification
 m - 2 potions of mutation
 p - a potion of cancellation {unknown}
 q - a potion of agility {unknown}
 t - 4 potions of curing {unknown}
 v - a potion of might {unknown}
 x - a potion of ambrosia {unknown}
Comestibles
 c - 7 rations


   Skills:
 * Level 7.0 Fighting
 + Level 4.3 Long Blades
 + Level 4.7 Throwing
 + Level 4.7 Armour
 * Level 5.1 Dodging
 * Level 2.1 Evocations


You had 8 spell levels left.
You didn't know any spells.
Your spell library contained the following spells:

 Spells                   Type           Power        Failure   Level  Hunger
 Magic Dart               Conj           #...         43%         1    ##.....
 Summon Small Mammal      Summ           #...         43%         1    ##.....
 Blink                    Tloc           N/A          56%         2    ###....
 Call Imp                 Summ           #.......     56%         2    ###....
 Slow                     Hex            #.......     56%         2    ###....
 Call Canine Familiar     Summ           #.......     80%         3    ####...
 Conjure Flame            Conj/Fire      #.......     80%         3    ####...
 Mephitic Cloud           Conj/Pois/Air  #.......     80%         3    ####...
 Summon Guardian Golem    Hex/Summ       #.......     80%         3    ####...
 Summon Ice Beast         Ice/Summ       #.......     99%         4    #####..
 Summon Lightning Spire   Summ/Air       #.......     99%         4    #####..


Dungeon Overview and Level Annotations

Branches:
Dungeon (6/15)             Temple (0/1) D:5

Altars:
Dithmenos
Fedhas
Nemelex Xobeh
Qazlal
Trog
Uskayaw
Xom
Zin


Innate Abilities, Weirdness & Mutations

You are somewhat resistant to further mutation.
You expend magic power (3 MP) to strengthen your wands.


Message History

Something hits you but does no damage.
You completely miss something. Something hits you.
Something hits you but does no damage. Something hits you!
* * * LOW HITPOINT WARNING * * *
You slash something! Something hits you but does no damage. Something hits you!
* * * LOW HITPOINT WARNING * * *
You hit something. Something hits you.
* * * LOW HITPOINT WARNING * * *
Something hits you but does no damage.
Your skin crawls.
You feel resistant to hostile enchantments.
You are near starving!
Something hits you but does no damage. x2
You barely miss something. Something hits you.
* * * LOW HITPOINT WARNING * * *
Something completely misses you.
You closely miss something. Something hits you but does no damage.
Something hits you.
You die...

# ### #.# #.##.###.# ##
##.###.# #.##.#.#.#
.####...##.####.##.....###
.'..................<....+
.####.......[##..#.....#
## ##.#.....##........# #
###.....###.#.##..#
##...## #.#..#..# #.###
#@##.#.[# #.# #{##.#..#
#.# #.##.#..# #. #.......#
.. ####.#### ##.######.#
#.........# #.........#
#..........


There were no monsters in sight!

Vanquished Creatures
  Sigmund (D:4)
  An ice beast (D:5)
  A necrophage (D:5)
  A centaur (D:5)
  An elf zombie (Ossuary)
  2 elf skeletons (D:4)
  A scorpion (D:5)
  A howler monkey (D:3)
  A crimson imp (D:5)
  4 human zombies
  3 orc priests (D:3)
  3 hounds
  A jelly (D:5)
  A centaur skeleton (D:4)
  Terence (D:2)
  3 iguanas
  3 orc wizards
  3 big kobold zombies (Ossuary)
  2 hound zombies (Ossuary)
  A hound skeleton (D:2)
  3 mummies (Ossuary)
  Robin (D:3)
  A worker ant zombie (D:2)
  A howler monkey skeleton (D:4)
  5 adders
  A shadow imp (D:5)
  An ooze (D:3)
  An adder skeleton (D:5)
  4 adder zombies (Ossuary)
  4 worms
  2 dart slugs
  4 leopard geckos
  13 orcs
  7 bats
  A bat zombie (D:2)
  4 giant cockroaches
  17 goblins
  8 hobgoblins
  6 jackals (D:1)
  6 kobolds
  A quokka (D:3)
  3 ball pythons
  4 frilled lizards
  A giant cockroach zombie (D:2)
  A gnoll zombie (Ossuary)
  6 hobgoblin zombies (Ossuary)
  6 jackal zombies
  4 kobold zombies (Ossuary)
  2 orc skeletons (D:4)
  An orc zombie (Ossuary)
  A quokka skeleton (D:5)
  6 quokka zombies (Ossuary)
  4 rats (D:2)
  A rat zombie (Ossuary)
166 creatures vanquished.

Notes
Turn   | Place    | Note
-------+----------+-------------------------------------------
     0 | D:1      | FishyPogo the Human Berserker began the quest for the Orb.
     0 | D:1      | Reached XP level 1. HP: 18/18 MP: 1/1
   165 | D:1      | Reached XP level 2. HP: 24/24 MP: 2/2
   395 | D:1      | Reached XP level 3. HP: 29/29 MP: 3/3
   446 | D:1      | Reached ** piety under Trog
   795 | D:2      | Noticed Terence
   807 | D:2      | Killed Terence
   807 | D:2      | Reached XP level 4. HP: 36/36 MP: 4/4
  1168 | D:2      | Reached XP level 5. HP: 42/42 MP: 5/5
  1877 | D:3      | Found a stormy altar of Qazlal.
  1878 | D:3      | Found a bloodstained altar of Trog.
  1944 | D:3      | Found a glowing silver altar of Zin.
  1946 | D:3      | Noticed an angel
  1950 | D:3      | Found a shimmering altar of Xom.
  1955 | D:3      | Reached skill level 4 in Fighting
  2015 | D:3      | Reached *** piety under Trog
  2031 | D:3      | Reached XP level 6. HP: 20/49 MP: 6/6
  2128 | D:3      | You fall through a shaft for 2 floors!
  2128 | D:5      | Entered Level 5 of the Dungeon
  2128 | D:5      | Found a staircase to the Ecumenical Temple.
  2190 | D:4      | Noticed Sigmund
  2200 | D:4      | Killed Sigmund
  2200 | D:4      | Reached skill level 5 in Fighting
  2200 | D:4      | Reached skill level 1 in Throwing
  2200 | D:4      | Reached XP level 7. HP: 42/56 MP: 7/7
  2286 | D:4      | Found a sand-covered staircase.
  2295 | Ossuary  | Entered an ossuary
  2439 | Ossuary  | Reached XP level 8. HP: 64/64 MP: 8/8
  2467 | Ossuary  | Reached **** piety under Trog
  2547 | Ossuary  | Received a gift from Trog
  2633 | D:3      | Found a sparkling altar of Nemelex Xobeh.
  2635 | D:3      | Found a hide-covered altar of Uskayaw.
  2667 | D:3      | Reached skill level 6 in Fighting
  3002 | D:3      | Found a shadowy altar of Dithmenos.
  3008 | D:3      | Noticed Robin
  3044 | D:3      | Killed Robin
  3750 | D:5      | Gained mutation: You expend magic power (3 MP) to
                  | strengthen your wands. [potion of mutation]
  3750 | D:5      | Gained mutation: You are somewhat resistant to further
                  | mutation. [potion of mutation]
  4071 | D:5      | Reached skill level 1 in Evocations
  4096 | D:5      | Reached XP level 9. HP: 60/71 MP: 9/9
  4290 | D:5      | Reached skill level 5 in Dodging
  4316 | D:5      | Reached skill level 7 in Fighting
  4467 | D:5      | Found a blossoming altar of Fedhas.
  4636 | D:6      | HP: 3/72 [something (3)]
  4637 | D:6      | Slain by an unseen horror

Skill      XL: |  1  2  3  4  5  6  7  8  9 |
---------------+----------------------------+-----
Long Blades    | 4 |  4.3
Fighting       | 4 5 6 7 |  7.0
Armour         | 3 4 |  4.7
Dodging        | 3 4 5 |  5.1
Throwing       | 1 3 4 |  4.7
Evocations     | 1 2 |  2.1

Action                   |  1- 3 |  4- 6 |  7- 9 || total
-------------------------+-------+-------+-------++-------
Melee: Falchion          |    52 |   135 |   316 ||   503
Throw: Stone             |     5 |     5 |     1 ||    11
       Javelin           |       |       |     2 ||     2
Invok: Berserk           |     3 |     5 |     8 ||    16
       Trog's Hand       |       |     1 |     3 ||     4
  Use: Scroll            |       |     3 |       ||     3
       Potion            |       |       |     2 ||     2
 Stab: Sleeping          |       |     2 |     3 ||     5
  Eat: Chunk             |     1 |    10 |    16 ||    27
Armor: Animal skin       |    16 |    50 |   138 ||   204
       Skin              |       |       |     8 ||     8
Dodge: Dodged            |    39 |    98 |   228 ||   365
       Rpst.: Falchion   |    17 |    29 |    68 ||   114
